[ PARTIDA AOE2 · #480107042 ]
Team RMEspañoles vs Bengalis
[ ANÁLISIS DE REPETICIÓN · EXTRAÍDO DE LA PARTIDA GRABADA ]
Feudal
11:44
Castillos
21:21
Imperial
42:12
| APM promedio | 11.4 |
| APM pico | 29 |
| eAPM promedio | 10.1 |
| Aldeanos / militares | 124 / 547 |
Foco
⚔️ 45.5% · 🌾 54.5%
Skirmisher ×175 · Conquistador ×135 · Spearman ×129 · Knight ×43 · Militia ×42 · Trade Cart ×30
Feudal
15:44
Castillos
28:26
Imperial
36:58
| APM promedio | 16.9 |
| APM pico | 64 |
| eAPM promedio | 10.6 |
| Aldeanos / militares | 71 / 176 |
Foco
⚔️ 38.7% · 🌾 61.3%
Knight ×87 · Obuch ×27 · Archer ×23 · Mangonel ×13 · Spearman ×10 · Bombard Cannon ×9
Feudal
11:27
Castillos
21:46
Imperial
37:58
| APM promedio | 11.0 |
| APM pico | 31 |
| eAPM promedio | 9.8 |
| Aldeanos / militares | 119 / 378 |
Foco
⚔️ 43.6% · 🌾 56.4%
Karambit Warrior ×173 · Battle Elephant ×103 · Trade Cart ×39 · Cavalry Archer ×27 · Archer ×21 · Bombard Cannon ×20
Feudal
13:33
Castillos
26:30
Imperial
35:32
| APM promedio | 25.2 |
| APM pico | 82 |
| eAPM promedio | 9.5 |
| Aldeanos / militares | 53 / 119 |
Foco
⚔️ 41.7% · 🌾 58.3%
Ratha (Ranged) ×35 · Elephant Archer ×26 · Armored Elephant ×18 · Battle Elephant ×14 · Spearman ×13 · Trade Cart ×5
Mapa de la partida
Recursos al inicio + cada clic de construcción. Línea gruesa = muro · recuadro discontinuo = muro de casas detectado. 🟡 oro · ⚪ piedra · 🟢 bayas · 🔶 jabalí · ⭕ reliquia
Inputs por minuto
— Denisov - - ARMATXRA
Build order — Denisov
Primeras 150 de 451 acciones detectadas
| 0:00 | Crear | Villager (Male) |
| 0:01 | Crear | Villager (Male) |
| 0:01 | Crear | Villager (Male) |
| 0:01 | Crear | Villager (Male) |
| 0:02 | Crear | Villager (Male) |
| 0:05 | Construir | House |
| 0:28 | Construir | House |
| 1:28 | Crear | Villager (Male) |
| 2:04 | Crear | Villager (Male) |
| 2:34 | Crear | Villager (Male) |
| 2:40 | Crear | Villager (Male) |
| 3:16 | Crear | Villager (Male) |
| 3:30 | Construir | Mill |
| 3:52 | Crear | Villager (Male) |
| 3:52 | Crear | Villager (Male) |
| 3:52 | Crear | Villager (Male) |
| 4:26 | Construir | House |
| 4:55 | Crear | Villager (Male) ×3 |
| 5:06 | Construir | House |
| 5:25 | Crear | Villager (Male) ×2 |
| 6:13 | Crear | Villager (Male) |
| 6:35 | Construir | Lumber Camp |
| 7:31 | Crear | Villager (Male) |
| 8:07 | Crear | Villager (Male) ×5 |
| 9:34 | Investigar | Feudal Age |
| 10:10 | Construir | Palisade Wall |
| 11:09 | Crear | Villager (Male) ×4 |
| 11:23 | Construir | House |
| 11:25 | Construir | House |
| 11:26 | Construir | House |
| 11:26 | Construir | House |
| 11:44 | Edad | Edad Feudal |
| 11:54 | Investigar | Wheelbarrow |
| 11:54 | Crear | Villager (Male) ×3 |
| 12:04 | Investigar | Horse Collar |
| 12:20 | Investigar | Double-Bit Axe |
| 12:53 | Construir | Market |
| 13:07 | Construir | Barracks |
| 13:18 | Construir | Farm |
| 13:18 | Construir | Farm |
| 13:19 | Construir | Farm |
| 13:20 | Construir | Farm |
| 13:20 | Construir | Farm |
| 13:21 | Construir | Farm |
| 13:21 | Construir | Farm |
| 13:22 | Construir | Farm |
| 13:22 | Construir | Farm |
| 13:22 | Construir | Farm |
| 13:23 | Construir | Farm |
| 13:23 | Construir | Farm |
| 13:24 | Construir | Farm |
| 13:24 | Construir | Farm |
| 13:24 | Construir | Farm |
| 13:24 | Construir | Farm |
| 13:25 | Construir | Farm |
| 13:25 | Construir | Farm |
| 13:25 | Construir | Farm |
| 13:25 | Construir | Farm |
| 13:29 | Crear | Villager (Male) ×2 |
| 14:02 | Crear | Villager (Male) ×2 |
| 14:16 | Construir | Farm |
| 14:16 | Construir | Farm |
| 14:17 | Construir | Farm |
| 14:17 | Construir | Farm |
| 14:18 | Construir | Farm |
| 14:18 | Construir | Farm |
| 14:18 | Construir | Farm |
| 14:19 | Construir | Farm |
| 14:19 | Construir | Farm |
| 14:19 | Construir | Farm |
| 14:20 | Construir | Farm |
| 14:20 | Construir | Farm |
| 14:26 | Crear | Villager (Male) |
| 14:42 | Construir | Mining Camp |
| 15:24 | Crear | Villager (Male) ×3 |
| 15:39 | Construir | Archery Range |
| 15:52 | Crear | Villager (Male) ×3 |
| 16:00 | Construir | Farm |
| 16:00 | Construir | Farm |
| 16:00 | Construir | Farm |
| 16:01 | Construir | Farm |
| 16:01 | Construir | Farm |
| 16:01 | Construir | Farm |
| 16:02 | Construir | Farm |
| 16:03 | Construir | Farm |
| 16:04 | Construir | Farm |
| 16:04 | Construir | Farm |
| 16:05 | Construir | Farm |
| 16:05 | Construir | Farm |
| 16:06 | Construir | Farm |
| 16:07 | Construir | Farm |
| 16:07 | Construir | Farm |
| 16:07 | Construir | Farm |
| 16:07 | Construir | Farm |
| 17:17 | Construir | Stable |
| 17:42 | Construir | Farm |
| 17:42 | Construir | Farm |
| 17:44 | Construir | Farm |
| 17:44 | Construir | Farm |
| 18:12 | Construir | Blacksmith |
| 18:34 | Crear | Skirmisher |
| 18:34 | Crear | Skirmisher |
| 18:41 | Investigar | Castle Age |
| 18:42 | Crear | Villager (Male) ×3 |
| 19:02 | Construir | House |
| 19:05 | Construir | House |
| 20:48 | Construir | Mining Camp |
| 21:01 | Crear | Trade Cart ×5 |
| 21:01 | Crear | Trade Cart ×5 |
| 21:21 | Edad | Edad de los Castillos |
| 21:41 | Construir | Town Center |
| 21:53 | Investigar | Bow Saw |
| 22:21 | Investigar | Heavy Plow |
| 22:58 | Crear | Villager (Male) ×5 |
| 22:59 | Crear | Villager (Male) ×5 |
| 22:59 | Crear | Villager (Male) ×5 |
| 22:59 | Crear | Villager (Male) ×5 |
| 23:12 | Crear | Villager (Male) ×5 |
| 23:12 | Crear | Villager (Male) ×5 |
| 23:14 | Investigar | Hand Cart |
| 23:54 | Investigar | Elite Skirmisher (upgrade) |
| 23:59 | Investigar | Pikeman (upgrade) |
| 23:59 | Crear | Spearman ×2 |
| 24:03 | Investigar | Forging |
| 24:24 | Crear | Villager (Male) ×5 |
| 25:01 | Investigar | Stone Mining |
| 25:02 | Investigar | Gold Mining |
| 25:09 | Crear | Spearman |
| 25:18 | Construir | Farm |
| 25:56 | Construir | Town Center |
| 26:12 | Crear | Villager (Male) ×5 |
| 26:15 | Crear | Villager (Male) ×5 |
| 26:50 | Construir | House |
| 26:51 | Construir | House |
| 26:52 | Construir | House |
| 26:53 | Construir | House |
| 27:05 | Crear | Villager (Male) ×5 |
| 27:05 | Crear | Villager (Male) ×5 |
| 27:05 | Crear | Villager (Male) ×5 |
| 27:19 | Construir | Farm |
| 27:23 | Construir | Farm |
| 27:32 | Construir | Farm |
| 28:02 | Construir | Mining Camp |
| 28:06 | Investigar | Stone Shaft Mining |
| 28:11 | Crear | Villager (Male) ×5 |
| 28:18 | Crear | Villager (Male) ×2 |
| 28:22 | Crear | Villager (Male) ×3 |
| 28:31 | Crear | Knight ×2 |
| 28:35 | Crear | Spearman |
| 28:38 | Crear | Skirmisher |
Build order — ARMATXRA
Primeras 150 de 385 acciones detectadas
| 0:24 | Construir | House |
| 0:25 | Crear | Villager (Male) |
| 0:25 | Crear | Villager (Male) |
| 0:26 | Crear | Villager (Male) |
| 0:26 | Crear | Villager (Male) |
| 0:26 | Crear | Villager (Male) |
| 0:40 | Construir | Palisade Wall |
| 0:42 | Construir | Palisade Wall |
| 0:43 | Construir | Palisade Wall |
| 0:45 | Construir | Palisade Wall |
| 0:47 | Construir | Palisade Wall |
| 1:13 | Construir | Palisade Wall |
| 1:15 | Construir | Palisade Wall |
| 1:16 | Construir | Palisade Wall |
| 1:17 | Construir | Palisade Wall |
| 1:19 | Construir | Palisade Wall |
| 1:21 | Construir | Palisade Wall |
| 1:22 | Construir | Palisade Wall |
| 1:23 | Construir | Palisade Wall |
| 2:19 | Construir | House |
| 3:25 | Construir | House |
| 3:46 | Construir | House |
| 3:59 | Construir | Outpost |
| 4:13 | Crear | Villager (Male) |
| 4:26 | Construir | Palisade Wall |
| 4:27 | Construir | Palisade Wall |
| 4:28 | Construir | Palisade Wall |
| 4:29 | Construir | Palisade Wall |
| 4:31 | Construir | Palisade Wall |
| 4:43 | Construir | Palisade Wall |
| 4:44 | Construir | Palisade Wall |
| 4:45 | Construir | Palisade Wall |
| 4:47 | Construir | Palisade Wall |
| 4:54 | Construir | Palisade Wall |
| 4:58 | Construir | Palisade Wall |
| 5:07 | Crear | Villager (Male) |
| 5:07 | Crear | Villager (Male) |
| 6:15 | Crear | Villager (Male) |
| 6:28 | Crear | Villager (Male) |
| 7:10 | Crear | Villager (Male) |
| 7:10 | Crear | Villager (Male) |
| 7:29 | Crear | Villager (Male) |
| 7:29 | Crear | Villager (Male) |
| 7:57 | Construir | Mill |
| 8:15 | Crear | Villager (Male) |
| 8:15 | Crear | Villager (Male) |
| 8:15 | Crear | Villager (Male) |
| 9:04 | Crear | Villager (Male) |
| 9:04 | Crear | Villager (Male) |
| 9:19 | Crear | Villager (Male) |
| 10:30 | Crear | Villager (Male) |
| 10:30 | Crear | Villager (Male) |
| 10:31 | Crear | Villager (Male) |
| 10:35 | Crear | Villager (Male) |
| 11:26 | Construir | House |
| 11:37 | Construir | Lumber Camp |
| 13:34 | Investigar | Feudal Age |
| 13:34 | Investigar | Feudal Age |
| 14:01 | Construir | Farm |
| 14:10 | Construir | Farm |
| 14:19 | Construir | Farm |
| 14:23 | Construir | Farm |
| 14:26 | Construir | Farm |
| 14:29 | Construir | Farm |
| 14:32 | Construir | Farm |
| 14:36 | Construir | Farm |
| 14:39 | Construir | Farm |
| 14:43 | Construir | Farm |
| 14:46 | Construir | Farm |
| 14:49 | Construir | Farm |
| 15:31 | Crear | Villager (Male) |
| 15:31 | Crear | Villager (Male) |
| 15:31 | Crear | Villager (Male) |
| 15:32 | Crear | Villager (Male) |
| 15:32 | Crear | Villager (Male) |
| 15:32 | Crear | Villager (Male) |
| 15:44 | Edad | Edad Feudal |
| 16:27 | Investigar | Double-Bit Axe |
| 16:30 | Investigar | Horse Collar |
| 16:40 | Construir | Mining Camp |
| 16:51 | Crear | Villager (Male) |
| 16:51 | Crear | Villager (Male) |
| 16:51 | Crear | Villager (Male) |
| 17:09 | Construir | House |
| 17:31 | Investigar | Gold Mining |
| 17:38 | Crear | Villager (Male) |
| 17:38 | Crear | Villager (Male) |
| 17:38 | Crear | Villager (Male) |
| 17:42 | Construir | House |
| 17:51 | Crear | Villager (Male) |
| 18:39 | Construir | Market |
| 18:53 | Construir | Farm |
| 19:24 | Construir | Stone Wall |
| 19:37 | Crear | Villager (Male) |
| 19:37 | Crear | Villager (Male) |
| 19:37 | Crear | Villager (Male) |
| 19:37 | Crear | Villager (Male) |
| 19:39 | Crear | Villager (Male) |
| 19:39 | Crear | Villager (Male) |
| 19:52 | Construir | Blacksmith |
| 20:24 | Construir | Farm |
| 20:42 | Investigar | Wheelbarrow |
| 20:49 | Construir | Farm |
| 21:19 | Construir | Farm |
| 21:33 | Construir | Mining Camp |
| 22:29 | Construir | Barracks |
| 22:33 | Construir | Barracks |
| 22:41 | Crear | Villager (Male) |
| 22:41 | Crear | Villager (Male) |
| 22:46 | Investigar | Castle Age |
| 22:53 | Construir | House |
| 22:55 | Construir | House |
| 22:56 | Construir | House |
| 23:30 | Investigar | Scale Barding Armor |
| 23:45 | Investigar | Forging |
| 24:20 | Investigar | Stone Mining |
| 25:12 | Construir | Stone Wall |
| 26:14 | Construir | Stable |
| 26:15 | Construir | Stable |
| 27:01 | Construir | Stable |
| 27:08 | Crear | Villager (Male) |
| 27:08 | Crear | Villager (Male) |
| 27:09 | Crear | Villager (Male) |
| 27:10 | Crear | Villager (Male) |
| 27:31 | Crear | Trade Cart |
| 27:31 | Crear | Trade Cart |
| 27:32 | Crear | Trade Cart |
| 27:50 | Construir | Lumber Camp |
| 28:01 | Construir | Farm |
| 28:26 | Edad | Edad de los Castillos |
| 29:16 | Construir | Castle |
| 29:25 | Investigar | Heavy Plow |
| 29:28 | Investigar | Bow Saw |
| 29:31 | Investigar | Stone Shaft Mining |
| 29:43 | Construir | Stable |
| 30:04 | Crear | Villager (Male) |
| 30:04 | Crear | Villager (Male) |
| 30:19 | Construir | Town Center |
| 30:40 | Construir | House |
| 30:42 | Construir | House |
| 30:43 | Construir | House |
| 30:44 | Construir | House |
| 31:03 | Construir | Monastery |
| 31:53 | Construir | Archery Range |
| 31:54 | Construir | Archery Range |
| 31:56 | Construir | Archery Range |
| 31:58 | Construir | Archery Range |
| 32:03 | Crear | Monk |
| 32:04 | Crear | Monk |
| 33:08 | Investigar | Husbandry |
Build order — Gorzi
Primeras 150 de 566 acciones detectadas
| 0:12 | Construir | House |
| 0:14 | Construir | House |
| 0:16 | Construir | House |
| 0:17 | Construir | House |
| 0:26 | Crear | Villager (Male) |
| 0:26 | Crear | Villager (Male) |
| 0:27 | Crear | Villager (Male) |
| 0:27 | Crear | Villager (Male) |
| 2:36 | Crear | Villager (Male) |
| 2:44 | Construir | Mill |
| 3:32 | Crear | Villager (Male) |
| 3:40 | Crear | Villager (Male) |
| 3:54 | Investigar | Loom |
| 4:14 | Crear | Villager (Male) |
| 4:32 | Crear | Villager (Male) |
| 4:50 | Crear | Villager (Male) |
| 5:18 | Crear | Villager (Male) |
| 6:49 | Crear | Villager (Male) |
| 6:50 | Crear | Villager (Male) |
| 6:50 | Crear | Villager (Male) |
| 6:50 | Crear | Villager (Male) |
| 6:51 | Crear | Villager (Male) |
| 6:52 | Crear | Villager (Male) |
| 7:04 | Construir | Palisade Wall |
| 7:27 | Crear | Villager (Male) |
| 8:15 | Construir | Palisade Wall |
| 8:31 | Crear | Villager (Male) |
| 8:31 | Crear | Villager (Male) |
| 9:04 | Construir | Lumber Camp |
| 9:50 | Investigar | Feudal Age |
| 10:40 | Construir | House |
| 10:41 | Construir | House |
| 10:43 | Construir | House |
| 10:43 | Construir | House |
| 11:27 | Edad | Edad Feudal |
| 11:38 | Investigar | Wheelbarrow |
| 11:38 | Crear | Villager (Male) |
| 11:53 | Crear | Villager (Male) |
| 12:01 | Construir | Farm |
| 12:21 | Construir | Stone Wall |
| 12:43 | Construir | Farm |
| 13:00 | Investigar | Double-Bit Axe |
| 13:34 | Construir | Market |
| 13:44 | Construir | Farm |
| 13:45 | Construir | Farm |
| 13:48 | Crear | Villager (Male) |
| 13:48 | Crear | Villager (Male) |
| 13:52 | Investigar | Horse Collar |
| 14:20 | Construir | Farm |
| 14:21 | Construir | Farm |
| 14:22 | Construir | Farm |
| 14:22 | Construir | Farm |
| 14:32 | Construir | Farm |
| 15:01 | Construir | Mining Camp |
| 15:06 | Crear | Villager (Male) |
| 15:06 | Crear | Villager (Male) |
| 15:06 | Crear | Villager (Male) |
| 15:07 | Crear | Villager (Male) |
| 15:17 | Construir | Farm |
| 16:07 | Crear | Villager (Male) |
| 16:08 | Crear | Villager (Male) |
| 16:08 | Crear | Villager (Male) |
| 16:33 | Construir | Farm |
| 16:35 | Crear | Villager (Male) |
| 16:36 | Crear | Villager (Male) |
| 16:36 | Crear | Villager (Male) |
| 16:42 | Construir | Farm |
| 16:50 | Crear | Villager (Male) |
| 16:50 | Crear | Villager (Male) |
| 17:11 | Construir | Farm |
| 17:11 | Crear | Villager (Male) |
| 18:06 | Construir | Blacksmith |
| 18:17 | Construir | Farm |
| 18:21 | Construir | Farm |
| 18:24 | Construir | Farm |
| 18:44 | Construir | Farm |
| 19:00 | Construir | Farm |
| 19:05 | Construir | House |
| 19:07 | Construir | House |
| 19:08 | Construir | House |
| 19:09 | Construir | House |
| 19:49 | Construir | Barracks |
| 19:57 | Construir | Farm |
| 20:10 | Investigar | Castle Age |
| 20:20 | Investigar | Stone Mining |
| 21:18 | Construir | Stone Wall |
| 21:39 | Construir | House |
| 21:46 | Edad | Edad de los Castillos |
| 21:47 | Investigar | Hand Cart |
| 21:48 | Crear | Villager (Male) |
| 21:51 | Investigar | Heavy Plow |
| 21:55 | Investigar | Bow Saw |
| 22:20 | Construir | Farm |
| 22:29 | Investigar | Stone Shaft Mining |
| 23:11 | Construir | Town Center |
| 23:22 | Crear | Villager (Male) |
| 23:23 | Crear | Villager (Male) |
| 23:23 | Crear | Villager (Male) |
| 23:23 | Crear | Villager (Male) |
| 23:25 | Investigar | Town Watch |
| 23:38 | Investigar | Squires |
| 23:41 | Investigar | Arson |
| 24:17 | Crear | Villager (Male) |
| 24:17 | Crear | Villager (Male) |
| 24:17 | Crear | Villager (Male) |
| 24:18 | Crear | Villager (Male) |
| 24:18 | Crear | Villager (Male) |
| 24:18 | Crear | Villager (Male) |
| 24:19 | Crear | Villager (Male) |
| 24:41 | Construir | Town Center |
| 24:46 | Crear | Villager (Male) |
| 24:46 | Crear | Villager (Male) |
| 24:47 | Crear | Villager (Male) |
| 24:47 | Crear | Villager (Male) |
| 25:02 | Construir | Lumber Camp |
| 26:15 | Construir | Building 673 |
| 26:20 | Construir | Farm |
| 26:32 | Construir | Farm |
| 26:32 | Crear | Villager (Male) |
| 26:33 | Crear | Villager (Male) |
| 26:33 | Crear | Villager (Male) |
| 26:33 | Crear | Villager (Male) |
| 26:34 | Crear | Villager (Male) |
| 26:34 | Crear | Villager (Male) |
| 26:34 | Crear | Villager (Male) |
| 26:35 | Crear | Villager (Male) |
| 26:35 | Crear | Villager (Male) |
| 26:35 | Crear | Villager (Male) |
| 26:36 | Crear | Villager (Male) |
| 26:36 | Crear | Villager (Male) |
| 26:36 | Crear | Villager (Male) |
| 26:36 | Crear | Villager (Male) |
| 26:50 | Construir | Mining Camp |
| 26:53 | Crear | Villager (Male) |
| 26:53 | Crear | Villager (Male) |
| 26:53 | Crear | Villager (Male) |
| 26:53 | Crear | Villager (Male) |
| 26:54 | Crear | Villager (Male) |
| 26:54 | Crear | Villager (Male) |
| 27:18 | Construir | Stone Wall |
| 27:27 | Construir | Farm |
| 27:28 | Construir | Farm |
| 27:28 | Construir | Farm |
| 27:28 | Construir | Farm |
| 27:31 | Construir | Farm |
| 27:48 | Construir | Lumber Camp |
| 28:00 | Investigar | Gold Mining |
| 28:23 | Construir | Castle |
| 28:26 | Crear | Villager (Male) |
| 28:27 | Crear | Villager (Male) |
Build order — Сreamy
Primeras 150 de 292 acciones detectadas
| 0:08 | Crear | Villager (Male) |
| 0:09 | Crear | Villager (Male) |
| 0:13 | Construir | House |
| 0:39 | Construir | Palisade Wall |
| 1:59 | Crear | Villager (Male) |
| 2:00 | Crear | Villager (Male) |
| 2:00 | Crear | Villager (Male) |
| 2:00 | Crear | Villager (Male) |
| 3:23 | Construir | House |
| 3:37 | Construir | Mining Camp |
| 3:49 | Construir | Mill |
| 4:47 | Crear | Villager (Male) |
| 5:55 | Crear | Villager (Male) |
| 5:55 | Crear | Villager (Male) |
| 6:08 | Crear | Villager (Male) |
| 6:20 | Construir | Lumber Camp |
| 6:59 | Construir | Palisade Wall |
| 7:40 | Crear | Villager (Male) |
| 7:40 | Crear | Villager (Male) |
| 7:40 | Crear | Villager (Male) |
| 8:07 | Construir | House |
| 8:11 | Construir | House |
| 9:39 | Construir | House |
| 9:42 | Construir | House |
| 9:45 | Construir | House |
| 9:46 | Construir | House |
| 10:25 | Construir | Farm |
| 10:35 | Construir | Farm |
| 11:16 | Construir | Farm |
| 11:23 | Investigar | Feudal Age |
| 12:06 | Construir | Farm |
| 12:29 | Crear | Villager (Male) |
| 12:30 | Crear | Villager (Male) |
| 12:30 | Crear | Villager (Male) |
| 12:30 | Crear | Villager (Male) |
| 12:30 | Crear | Villager (Male) |
| 12:30 | Crear | Villager (Male) |
| 13:13 | Construir | Farm |
| 13:33 | Edad | Edad Feudal |
| 14:00 | Construir | Farm |
| 16:23 | Construir | Farm |
| 16:30 | Crear | Villager (Male) |
| 16:30 | Crear | Villager (Male) |
| 16:30 | Crear | Villager (Male) |
| 16:44 | Construir | Farm |
| 16:50 | Construir | Market |
| 17:01 | Construir | Mining Camp |
| 20:21 | Construir | Barracks |
| 20:38 | Crear | Trade Cart |
| 21:36 | Construir | Blacksmith |
| 22:10 | Crear | Villager (Male) |
| 22:10 | Crear | Villager (Male) |
| 22:11 | Crear | Villager (Male) |
| 22:11 | Crear | Villager (Male) |
| 22:11 | Crear | Villager (Male) |
| 22:12 | Crear | Villager (Male) |
| 22:15 | Investigar | Castle Age |
| 23:09 | Construir | Farm |
| 23:14 | Construir | Farm |
| 23:32 | Construir | Farm |
| 23:44 | Crear | Trade Cart |
| 23:45 | Crear | Trade Cart |
| 24:00 | Construir | Farm |
| 24:12 | Investigar | Double-Bit Axe |
| 25:11 | Crear | Trade Cart |
| 25:12 | Crear | Trade Cart |
| 25:21 | Investigar | Man-at-Arms (upgrade) |
| 25:22 | Investigar | Man-at-Arms (upgrade) |
| 25:44 | Crear | Villager (Male) |
| 25:44 | Crear | Villager (Male) |
| 25:44 | Crear | Villager (Male) |
| 25:44 | Crear | Villager (Male) |
| 26:07 | Construir | House |
| 26:11 | Construir | House |
| 26:13 | Construir | House |
| 26:20 | Construir | House |
| 26:23 | Construir | House |
| 26:26 | Construir | House |
| 26:30 | Edad | Edad de los Castillos |
| 26:47 | Investigar | Horse Collar |
| 26:55 | Investigar | Bow Saw |
| 27:51 | Construir | Mining Camp |
| 28:27 | Construir | Monastery |
| 28:43 | Crear | Villager (Male) |
| 28:43 | Crear | Villager (Male) |
| 28:44 | Crear | Villager (Male) |
| 28:44 | Crear | Villager (Male) |
| 28:44 | Crear | Villager (Male) |
| 28:44 | Crear | Villager (Male) |
| 28:45 | Crear | Villager (Male) |
| 28:45 | Crear | Villager (Male) |
| 28:55 | Construir | Archery Range |
| 29:07 | Crear | Monk |
| 30:04 | Construir | University |
| 30:21 | Investigar | Gold Mining |
| 30:28 | Investigar | Stone Mining |
| 32:12 | Construir | Castle |
| 32:22 | Investigar | Imperial Age |
| 33:04 | Investigar | Gold Shaft Mining |
| 33:39 | Construir | Siege Workshop |
| 34:44 | Investigar | Ballistics |
| 35:09 | Crear | Mangonel |
| 35:14 | Crear | Mangonel |
| 35:31 | Construir | House |
| 35:32 | Edad | Edad Imperial |
| 35:36 | Construir | House |
| 35:37 | Construir | House |
| 35:51 | Crear | Ratha (Ranged) |
| 36:45 | Investigar | Conscription |
| 36:50 | Investigar | Wheelbarrow |
| 37:08 | Investigar | Two-Man Saw |
| 38:53 | Crear | Elephant Archer |
| 38:53 | Crear | Elephant Archer |
| 38:53 | Crear | Elephant Archer |
| 38:54 | Crear | Elephant Archer |
| 38:54 | Crear | Elephant Archer |
| 38:54 | Crear | Elephant Archer |
| 38:54 | Crear | Elephant Archer |
| 38:55 | Crear | Elephant Archer |
| 38:55 | Crear | Elephant Archer |
| 38:55 | Crear | Elephant Archer |
| 38:59 | Investigar | Hand Cart |
| 39:03 | Investigar | Heavy Plow |
| 39:24 | Crear | Villager (Male) |
| 39:24 | Crear | Villager (Male) |
| 39:24 | Crear | Villager (Male) |
| 39:25 | Crear | Villager (Male) |
| 39:25 | Crear | Villager (Male) |
| 39:25 | Crear | Villager (Male) |
| 39:25 | Crear | Villager (Male) |
| 39:38 | Crear | Spearman |
| 40:10 | Crear | Ratha (Ranged) |
| 40:10 | Crear | Ratha (Ranged) |
| 40:10 | Crear | Ratha (Ranged) |
| 40:10 | Crear | Ratha (Ranged) |
| 40:11 | Crear | Ratha (Ranged) |
| 40:11 | Crear | Ratha (Ranged) |
| 40:11 | Crear | Ratha (Ranged) |
| 40:11 | Crear | Ratha (Ranged) |
| 40:11 | Crear | Ratha (Ranged) |
| 40:12 | Crear | Ratha (Ranged) |
| 40:12 | Crear | Ratha (Ranged) |
| 41:16 | Investigar | Fletching |
| 41:17 | Investigar | Padded Archer Armor |
| 42:22 | Construir | Town Center |
| 42:44 | Construir | Mining Camp |
| 42:51 | Investigar | Loom |
| 42:54 | Investigar | Bodkin Arrow |
| 42:59 | Investigar | Bodkin Arrow |
| 43:02 | Investigar | Leather Archer Armor |
Cronología de la partida
| 0:39 | Сreamy · wall_segment Palisade Wall x8 |
| 0:40 | ARMATXRA · wall_segment Palisade Wall x2 |
| 0:42 | ARMATXRA · wall_segment Palisade Wall x1 |
| 0:43 | ARMATXRA · wall_segment Palisade Wall x1 |
| 0:45 | ARMATXRA · wall_segment Palisade Wall x1 |
| 0:47 | ARMATXRA · wall_segment Palisade Wall x1 |
| 1:13 | ARMATXRA · wall_segment Palisade Wall x1 |
| 1:15 | ARMATXRA · wall_segment Palisade Wall x1 |
| 1:16 | ARMATXRA · wall_segment Palisade Wall x1 |
| 1:17 | ARMATXRA · wall_segment Palisade Wall x1 |
| 1:19 | ARMATXRA · wall_segment Palisade Wall x1 |
| 1:21 | ARMATXRA · wall_segment Palisade Wall x1 |
| 1:22 | ARMATXRA · wall_segment Palisade Wall x1 |
| 1:23 | ARMATXRA · wall_segment Palisade Wall x1 |
| 4:26 | ARMATXRA · wall_segment Palisade Wall x1 |
| 4:27 | ARMATXRA · wall_segment Palisade Wall x1 |
| 4:28 | ARMATXRA · wall_segment Palisade Wall x1 |
| 4:29 | ARMATXRA · wall_segment Palisade Wall x1 |
| 4:31 | ARMATXRA · wall_segment Palisade Wall x1 |
| 4:43 | ARMATXRA · wall_segment Palisade Wall x1 |
| 4:44 | ARMATXRA · wall_segment Palisade Wall x1 |
| 4:45 | ARMATXRA · wall_segment Palisade Wall x1 |
| 4:47 | ARMATXRA · wall_segment Palisade Wall x1 |
| 4:54 | ARMATXRA · wall_segment Palisade Wall x1 |
| 4:58 | ARMATXRA · wall_segment Palisade Wall x1 |
| 6:59 | Сreamy · wall_segment Palisade Wall x6 |
| 7:04 | Gorzi · wall_segment Palisade Wall x7 |
| 8:15 | Gorzi · wall_segment Palisade Wall x7 |
| 10:10 | Denisov · wall_segment Palisade Wall x13 |
| 11:27 | Gorzi · age_up feudal |
| 11:44 | Denisov · age_up feudal |
| 12:21 | Gorzi · wall_segment Stone Wall x7 |
| 13:07 | Denisov · first_building Barracks |
| 13:33 | Сreamy · age_up feudal |
| 15:39 | Denisov · first_building Archery Range |
| 15:44 | ARMATXRA · age_up feudal |
| 17:17 | Denisov · first_building Stable |
| 19:24 | ARMATXRA · wall_segment Stone Wall x8 |
| 19:49 | Gorzi · first_building Barracks |
| 20:04 | Gorzi · first_market_sell 100 wood |
| 20:21 | Сreamy · first_building Barracks |
| 21:18 | Gorzi · wall_segment Stone Wall x6 |
| 21:21 | Denisov · age_up castle |
| 21:46 | Gorzi · age_up castle |
| 22:29 | ARMATXRA · first_building Barracks |
| 25:12 | ARMATXRA · wall_segment Stone Wall x11 |
| 26:14 | ARMATXRA · first_building Stable |
| 26:30 | Сreamy · age_up castle |
| 27:18 | Gorzi · wall_segment Stone Wall x7 |
| 28:23 | Gorzi · first_building Castle |
| 28:26 | ARMATXRA · age_up castle |
| 28:27 | Сreamy · first_building Monastery |
| 28:55 | Сreamy · first_building Archery Range |
| 28:56 | Denisov · first_building Castle |
| 28:59 | ARMATXRA · first_market_buy 100 stone |
| 29:14 | Gorzi · first_building Archery Range |
| 29:16 | ARMATXRA · first_building Castle |
| 29:35 | Gorzi · first_building Siege Workshop |
| 31:03 | ARMATXRA · first_building Monastery |
| 31:22 | Denisov · first_building Monastery |
| 31:38 | Gorzi · first_building Monastery |
| 31:41 | Сreamy · first_market_buy 100 stone |
| 31:53 | ARMATXRA · first_building Archery Range |
| 32:12 | Сreamy · first_building Castle |
| 33:24 | Gorzi · wall_segment Stone Wall x6 |
| 33:39 | Сreamy · first_building Siege Workshop |
| 33:43 | Gorzi · wall_segment Stone Wall x9 |
| 34:06 | ARMATXRA · first_building Siege Workshop |
| 35:21 | Gorzi · first_building Stable |
| 35:32 | Сreamy · age_up imperial |
| 36:58 | ARMATXRA · age_up imperial |
| 37:58 | Gorzi · age_up imperial |
| 38:33 | Denisov · wall_segment Stone Wall x14 |
| 41:33 | Gorzi · wall_segment Stone Wall x8 |
| 42:12 | Denisov · age_up imperial |
| 44:19 | Сreamy · tribute_sent a jugador 1 |
| 44:19 | Сreamy · tribute_sent a jugador 2 |
| 44:19 | Сreamy · tribute_sent a jugador 4 |
| 44:34 | Сreamy · first_building Stable |
| 48:44 | Denisov · wall_segment Stone Wall x16 |
| 54:34 | Denisov · first_building Siege Workshop |
| 69:53 | ARMATXRA · first_market_sell 100 food |
| 70:23 | Сreamy · tribute_sent a jugador 1 |
| 70:23 | Сreamy · tribute_sent a jugador 2 |
| 70:23 | Сreamy · tribute_sent a jugador 4 |
| 74:14 | ARMATXRA · resign |
[ ANÁLISIS IA · 1 CRÉDITO ]
¿Qué pasó realmente en esta partida?
Wolo.gg analiza cada decisión: build order, eco, micro, errores típicos por bracket. Análisis personalizado por WhatsApp o Discord en 30 segundos.
Guía civ
Españoles
Guía mapa
Black Forest
Perfil
Denisov